 Dungeon Crawl Stone Soup version 0.27.0-66-gdc8fb28755 (webtiles) character file.

Game seed: 17617958341314601336

988 Thatpatchoflichen the Demolition Troll (level 7, -1/71 HPs)
             Began as a Troll Monk on Aug 19, 2021.
             Was an Elder of Makhleb.
             Killed by nerve-wracking pain
             ... invoked by a shadow imp
             ... summoned by Eustachio
              (8 damage)
             ... on level 5 of the Dungeon.
             The game lasted 00:15:57 (3766 turns).

Thatpatchoflichen the Demolition Troll (Troll Monk) Turns: 3766, Time: 00:15:59

Health: -1/71      AC:  4    Str: 22    XL:     7   Next: 97%
Magic:  10/10      EV: 11    Int:  6    God:    Makhleb [****..]
Gold:   295        SH:  0    Dex: 12    Spells: 6/6 levels left

rFire    . . .     SeeInvis +   C - +0 giant club
rCold    . . .     Faith    .   (shield currently unavailable)
rNeg     . . .     Spirit   .   b - +0 robe
rPois    .         Reflect  .   (helmet restricted)
rElec    .         Harm     .   (no cloak)
rCorr    .         Rampage  .   (gloves unavailable)
Will     .....                  (boots unavailable)
Stlth    ++........             k - amulet of the acrobat
HPRegen  1.21/turn              y - ring of see invisible
MPRegen  0.12/turn              (no ring)

@: no status effects
A: large, unfitting armour, claws 3, regeneration 1, shaggy fur 1, tough skin 1
a: Renounce Religion, Minor Destruction, Lesser Servant of Makhleb, Major
Destruction


You were on level 5 of the Dungeon.
You worshipped Makhleb.
Makhleb was greatly pleased with you.
You visited 1 branch of the dungeon, and saw 6 of its levels.

You collected 295 gold pieces.

Inventory:

Hand Weapons
 a - a +0 mace
 t - the +7 falchion of Prudence {flame, rPois rC+}
   (You took it off a gnoll on level 4 of the Dungeon)

   It burns those it strikes, dealing additional fire damage.
   Big, fiery blades are also staple armaments of hydra-hunters.
   rC:        It protects you from cold.
   rPois:     It protects you from poison.
 A - a +1 dagger of venom
 C - a +0 giant club (weapon)
 D - the +9 trident "Jellyslayer" {venom, Will+}
   (You found it on level 5 of the Dungeon)

   It poisons the flesh of those it strikes.
   Will:      It increases your willpower.
Missiles
 d - 2 boomerangs (quivered)
 p - 13 poisoned darts
Armour
 b - a +0 robe (worn)
Jewellery
 k - an amulet of the acrobat (around neck)
 r - an amulet of regeneration
 w - an amulet of guardian spirit
 y - a ring of see invisible (left claw)
 z - an amulet of magic regeneration
Wands
 f - a wand of iceblast (7)
Scrolls
 c - a scroll of teleportation {unknown}
 g - 3 scrolls of immolation {unknown}
 i - a scroll of enchant armour {unknown}
 l - 4 scrolls of identify {unknown}
 o - a scroll of brand weapon {unknown}
 s - a scroll of noise {unknown}
 u - a scroll of vulnerability {unknown}
 v - a scroll of fear {unknown}
 x - a scroll of summoning {unknown}
 E - a scroll of magic mapping {unknown}
Potions
 e - a potion of lignification {unknown}
 h - 3 potions of cancellation {unknown}
 j - a potion of heal wounds {unknown}
 m - a potion of brilliance {unknown}
 n - 2 potions of mutation {unknown}
 q - a potion of resistance {unknown}
 B - a potion of curing {unknown}


   Skills:
 + Level 4.6 Fighting
 - Level 4.0 Maces & Flails
 - Level 4.0 Dodging
 - Level 1.0 Stealth
 + Level 5.4 Invocations


You had 6 spell levels left.
You didn't know any spells.
Your spell library contained the following spells:

 Spells                   Type           Power      Damage    Failure   Level
 Animate Skeleton         Necr           0%         N/A       45%         1
 Pain                     Necr           0%         1d4       45%         1
 Vampiric Draining        Necr           0%         2d6       83%         3


Dungeon Overview and Level Annotations

Branches:
Dungeon (6/15)
 Temple: D:4-7

Altars:
Hepliaklqana
Makhleb
Nemelex Xobeh
Okawaru
Qazlal
Wu Jian
Yredelemnul
The Shining One

Annotations:
D:5 2 transporters, Eustachio; ystael's ghost, novice MiFi


Innate Abilities, Weirdness & Mutations

You are too large for most types of armour.
You have claws for hands.
Your natural rate of healing is unusually fast.
You are covered in fur. (AC +1)
You have tough skin. (AC +1)


Message History

The river rat bites you but does no damage.
The river rat barely misses you.
You barely miss Eustachio.
Eustachio is almost dead.
Eustachio mumbles some strange words.
Eustachio blinks!
The rat completely misses you. The river rat bites you.
The iron imp hits you but does no damage.
The river rat barely misses you. The crimson imp closely misses you.
You sock the shadow imp!
The shadow imp is severely wounded.
The rat bites you but does no damage. The river rat closely misses you.
The crimson imp misses you.
The river rat bites you but does no damage.
Eustachio mumbles some strange words.
Eustachio blinks!
The iron imp hits you but does no damage.
The river rat bites you. The rat bites you.
You closely miss the crimson imp. The crimson imp hits you.
The river rat barely misses you. The shadow imp misses you.
The iron imp hits you. The rat bites you but does no damage.
The river rat closely misses you. The shadow imp closely misses you.
The river rat bites you. The crimson imp closely misses you.
The shadow imp barely misses you.
You closely miss the crimson imp. The rat bites you but does no damage.
The river rat barely misses you. The iron imp hits you.
* * * LOW HITPOINT WARNING * * *
The river rat closely misses you. The crimson imp hits you.
* * * LOW HITPOINT WARNING * * *
The shadow imp hits you.
* * * LOW HITPOINT WARNING * * *
The shadow imp hits you but does no damage.
The rat bites you but does no damage. The river rat bites you!
* * * LOW HITPOINT WARNING * * *
The iron imp hits you.
* * * LOW HITPOINT WARNING * * *
The crimson imp blinks!
The river rat bites you but does no damage.
The shadow imp gestures at you. Pain shoots through your body!
You die...

#(..# ... #...##
....# #....+ ._..+
#...# .....#
#####...##..?. #
####..5......##.###
##.55b.......###.##.
#.5@§Z...@$.........
#.rrrZ..............
#..###.............#
#.. ##..###......_.
#.. #..# ###...###
#.# #..## #...# #.
#..# #..## #. #.##
#..# #. #..#


You could see Eustachio, an iron imp (summoned), a crimson imp, 2 river rats, 2
shadow imps, an orc zombie, a bat (summoned), a rat (summoned) and a kobold
skeleton.

Vanquished Creatures
  A black bear (D:5)
  An ogre (D:5)
  A centaur (D:4)
  A bullfrog (D:4)
  3 scorpions
  4 hounds
  A jelly (D:5)
  Jessica (D:2)
  An iguana (D:5)
  3 orc wizards
  A howler monkey zombie (D:5)
  6 gnolls
  5 adders
  An ufetubus (D:5)
  2 worms
  2 dart slugs (D:1)
  7 orcs
  6 endoplasms
  3 giant cockroaches
  12 goblins
  6 hobgoblins
  4 jackals (D:2)
  3 kobolds
  3 quokkas
  7 ball pythons
  5 bats
  4 frilled lizards
  A goblin zombie (D:5)
  2 hobgoblin zombies (D:5)
  2 kobold skeletons (D:5)
  2 orc skeletons (D:5)
  6 rats
  A spectral orc (D:3)
108 creatures vanquished.

Notes
Turn   | Place    | Note
-------+----------+-------------------------------------------
     0 | D:1      | Thatpatchoflichen the Troll Monk began the quest for the
                  | Orb.
     0 | D:1      | Reached XP level 1. HP: 22/22 MP: 0/0
    70 | D:1      | Reached XP level 2. HP: 27/29 MP: 1/1
   420 | D:1      | Found a faded altar of an unknown god.
   465 | D:1      | Became a worshipper of Makhleb the Destroyer
   465 | D:1      | Reached * piety under Makhleb
   465 | D:1      | Reached ** piety under Makhleb
   612 | D:1      | Reached XP level 3. HP: 31/36 MP: 2/2
   857 | D:2      | Noticed Jessica
  1071 | D:2      | Reached skill level 1 in Invocations
  1071 | D:2      | Reached XP level 4. HP: 39/44 MP: 3/3
  1111 | D:2      | Killed Jessica
  1130 | D:2      | You fall into a shaft and drop 2 floors!
  1168 | D:4      | Reached skill level 2 in Invocations
  1193 | D:3      | Noticed a scorpion
  1224 | D:3      | Killed a scorpion
  1224 | D:3      | Reached *** piety under Makhleb
  1225 | D:3      | Reached XP level 5. HP: 29/52 MP: 4/6
  1354 | D:2      | Reached skill level 3 in Invocations
  2036 | D:3      | Found an ornate altar of the Wu Jian Council.
  2174 | D:3      | Found a basalt altar of Yredelemnul.
  2347 | D:4      | Reached XP level 6. HP: 57/61 MP: 7/7
  2587 | D:4      | Found a burning altar of Makhleb.
  2587 | D:4      | Noticed a blizzard demon
  2605 | D:4      | Reached skill level 4 in Invocations
  2608 | D:4      | Noticed a ynoxinul
  2608 | D:4      | Noticed a ynoxinul
  2654 | D:4      | Identified the +7 falchion of Prudence {flame, rPois rC+}
  2740 | D:4      | Reached **** piety under Makhleb
  2772 | D:4      | Found an iron altar of Okawaru.
  2941 | D:4      | Found a hazy altar of Hepliaklqana.
  2941 | D:4      | Found a stormy altar of Qazlal.
  3067 | D:5      | Entered Level 5 of the Dungeon
  3135 | D:5      | Reached XP level 7. HP: 50/67 MP: 9/9
  3500 | D:5      | Found a transporter.
  3524 | D:5      | Found a transporter.
  3531 | D:5      | Noticed ystael's ghost (novice MiFi)
  3583 | D:5      | Reached skill level 5 in Invocations
  3603 | D:5      | Found a sparkling altar of Nemelex Xobeh.
  3607 | D:5      | Identified the +9 trident "Jellyslayer" {venom, Will+}
  3686 | D:5      | Found a glowing golden altar of the Shining One.
  3709 | D:5      | Noticed Eustachio
  3766 | D:5      | Killed from afar by a shadow imp

Illustrated notes

Levels and vault maps discovered:
D:1:      dpeg_arrival_brainrot, layout_loops_ring,
          hellmonk_ecumenical_altar_crossroads
D:2:      layout_basic, uniq_jessica
D:3:      layout_rooms, mainiacjoe_overflow_six_doors_small,
          yredelemnul_forgotten_temple_becter
D:4:      layout_cave_pools, makhleb_altar_promises_db,
          okawaru_ov_weapons_minmay, mainiacjoe_overflow_divided_tiny,
          minmay_goblin_outpost
D:5:      layout_layer_cave, nicolae_tso_besieged_by_evil,
          overflow_temple_1_default, gammafunk_ghost_stat_death,
          mumra_transporter_accident, uniq_eustachio
D:6:      layout_gridville, minmay_temple_entry_statues_fountains

Skill      XL: |  1  2  3  4  5  6  7 |
---------------+----------------------+-----
Maces & Flails | 3 4 |  4.0
Invocations    | 1 2 3 4 5 |  5.4
Fighting       | 3 4 |  4.6
Dodging        | 3 4 |  4.0
Stealth        | |  1.0

Action                   |  1- 3 |  4- 6 |  7- 9 || total
-------------------------+-------+-------+-------++-------
Melee: Mace              |    96 |   209 |       ||   305
       Falchion          |       |    10 |    31 ||    41
       Giant club        |       |       |    30 ||    30
Invok: Minor Destruction |       |     1 |       ||     1
 Stab: Sleeping          |       |     2 |       ||     2
Armor: Robe              |    41 |   117 |    43 ||   201
Dodge: Dodged            |    49 |   220 |   112 ||   381
       Rpst.: Falchion   |       |     4 |    15 ||    19
